 Dungeon Crawl Stone Soup version 0.31.0-12-g77e489cdc1 (webtiles) character file.

Game seed: 16788182334324685055

117 Curundu the Chopper (level 5, -4/36 (42) HPs)
             Began as a Human Berserker on Feb 14, 2024.
             Was a Believer of Trog.
             Slain by an orc priest
             ... wielding a +1 flail of draining
              (7 damage)
             ... on level 3 of the Dungeon.
             The game lasted 00:05:50 (2190 turns).

Curundu the Chopper (Human Berserker)               Turns: 2190, Time: 00:05:50

HP:   -4/36 (42)    AC:  9    Str: 19    XL:     5   Next: 1%
MP:   5/5           EV:  8    Int:  7    God:    Trog [**....]
Gold: 114           SH:  0    Dex: 13    Spells: 4/4 levels left

rFire   . . .        a - +0 hand axe
rCold   . . .        (no shield)
rNeg    . . .        k - +0 chain mail
rPois   .            (no helmet)
rElec   .            (no cloak)
rCorr   .            (no gloves)
SInv    .            (no boots)
Will    .....        (no amulet) Stlth
                     (no ring)
HPRegen 0.26/turn    (no ring)
MPRegen 0.09/turn

%: no passive effects
@: confused, heavily drained
A: explore regen
a: Renounce Religion, Berserk, Trog's Hand


You were on level 3 of the Dungeon.
You worshipped Trog.
Trog was pleased with you.
You visited 1 branch of the dungeon, and saw 3 of its levels.

You collected 114 gold pieces.

Inventory:

Hand Weapons
 a - a +0 hand axe (weapon)
Armour
 k - a +0 chain mail (worn)
Scrolls
 e - a scroll of identify
 f - a scroll of amnesia {unknown}
 j - a scroll of enchant weapon {unknown}
Potions
 b - a potion of degeneration {unknown}
 c - a potion of heal wounds {unknown}
 h - a potion of might
 i - a potion of magic {unknown}


   Skills:
 + Level 3.6 Fighting
 + Level 4.3 Axes
 + Level 2.8 Armour
 + Level 2.4 Dodging


You had 4 spell levels left.
You didn't know any spells.
Your spell library was empty.

Dungeon Overview and Level Annotations

Branches:
Dungeon (3/15)

Altars:

Annotations:
D:3 Robin


Innate Abilities, Weirdness & Mutations

You regain HP and MP as you explore.


Message History

The orc wizard mumbles some strange words.
The orc wizard flickers and vanishes!
Deactivating autopickup; reactivate with Ctrl-A.
The orc priest barely misses you.
The giant cockroach bites you but does no damage.
The orc priest hits you with a +1 flail of draining!
You feel drained. Something hits you but does no damage.
You closely miss the orc priest. You hit something but do no damage.
You hit the giant cockroach.
You kill the giant cockroach!
Trog accepts your kill.
Your skin stops crawling.
You feel less strong-willed. Something hits you.
The orc priest hits you but does no damage.
You feel drained.
A goblin comes into view. It is wielding a +0 club.
Robin throws the goblin at you!
You barely miss the orc priest. You hit something. You hit the orc.
You barely miss the goblin. Something hits you but does no damage.
The orc hits you but does no damage.
The orc priest invokes the aid of Beogh against you.
Beogh smites you!
A goblin comes into view. It is wielding a +0 club.
The goblin hits you but does no damage.
Robin roars a battlecry!
The goblins go into a battle-frenzy!
As you read the scroll labelled TOTO SUDIAF, it crumbles to dust.
It is a scroll of identify.
h - a potion of might Something hits you but does no damage.
The orc priest calls down the wrath of Beogh upon you.
Pain shoots through your body!
* * * LOW HITPOINT WARNING * * *
The goblin hits you but does no damage.
You hear some strange, mumbled words.
You are confused.
The orc barely misses you.
The orc throws a boomerang.
The boomerang hits you but does no damage.
The orc priest hits you with a +1 flail of draining!
You die...

#........<#.#
#.........#.#
#########.#.# #...#.#
.. #.###.#
....#####.....#
#..........########.
###..##.g...........<
.....g{@###.#########
..$..ooo# #.#
......gg# #.#
.......g# #.#
###.##.g# #.# #. ##.g
#.# . #.. ..# # ##.


You could see Robin, an orc priest, 2 orcs, 2 hobgoblins and 4 goblins.

Vanquished Creatures
  Terence (D:2)
  3 gnolls (D:2)
  An adder (D:2)
  A dart slug (D:2)
  A ribbon worm (D:2)
  An orc (D:3)
  2 ball pythons
  3 bats
  2 endoplasms (D:1)
  3 giant cockroaches
  5 goblins (D:1)
  5 hobgoblins
  4 jackals (D:1)
  3 frilled lizards (D:1)
  5 kobolds
  7 rats
47 creatures vanquished.

Notes
Turn   | Place    | Note
-------+----------+-------------------------------------------
     0 | D:1      | Curundu the Human Berserker began the quest for the Orb.
     0 | D:1      | Reached XP level 1. HP: 18/18 MP: 1/1
   168 | D:1      | Reached XP level 2. HP: 20/24 MP: 2/2
   438 | D:1      | Reached ** piety under Trog
   471 | D:1      | Reached XP level 3. HP: 29/29 MP: 3/3
  1665 | D:2      | Noticed Terence
  1691 | D:2      | Killed Terence
  1692 | D:2      | Reached XP level 4. HP: 18/36 MP: 4/4
  2070 | D:2      | Reached skill level 4 in Axes
  2182 | D:3      | Reached XP level 5. HP: 33/41 MP: 5/5
  2182 | D:3      | Noticed Robin
  2190 | D:3      | Slain by an orc priest

Illustrated notes

Levels and vault maps discovered:
D:1:      dpeg_arrival_pits, layout_basic, nicolae_eternal_life,
          nrook_loot_triangle, minmay_tetromino_i2
D:2:      layout_loops_cross, uniq_terence
D:3:      cheibrodos_fertilizer, layout_basic, nicolae_dithmenos_shadow_blocks,
          chequers_avenue, moated_statue, uniq_sigmund, uniq_robin

Skill      XL: |  1  2  3  4 |
---------------+-------------+-----
Axes           | 4 |  4.3
Fighting       | |  3.6
Armour         | |  2.8
Dodging        | |  2.4

Action                     |  1- 3 |  4- 6 || total
---------------------------+-------+-------++-------
  Melee: Hand axe          |   131 |    34 ||   165
 Invoke: Trog's Hand       |     1 |     1 ||     2
         Berserk           |       |     1 ||     1
    Use: Scroll            |       |     2 ||     2
 Armour: Animal skin       |     6 |       ||     6
         Ring mail         |    68 |       ||    68
         Chain mail        |    16 |    53 ||    69
  Dodge: Dodged            |    78 |    22 ||   100
